AoeStats
← FinalBinkie3025

Arabia

503699154Analyzed
1v1 RM · 1mo ago on Sep 1, 2026· 47m 7s· 2 players
Game mode
Random Map
Map size
Tiny (2 player)
Population
200
Speed
Normal
Resources
Standard
Victory
Conquest
Starting age
Dark Age
Ending age
Imperial Age
RankedLock teamsTeams togetherTeam positionsShared explorationLock speedFull tech treeHidden civsTurbo modeCheats
Victory
Defeat
🇵🇪 Teutons · Peru
566
+14
🇨🇱 Franks · Chile
526
-14
FinalBinkie3025
2:01 Loom
10:26 Feudal Age
11:03 Town Watch
11:54 Wheelbarrow
11:38 Double-Bit Axe
15:39 Stone Mining
22:53 Castle Age
21:25 Gold Mining
21:41 Scale Mail Armor
22:33 Scale Barding Armor
23:49 Husbandry
24:26 Bow Saw
25:30 Chain Barding Armor
27:42 Gold Shaft Mining
30:01 Forging
30:07 Chain Mail Armor
32:41 Town Patrol
32:57 Hand Cart
38:21 Imperial Age
38:17 Iron Casting
39:57 Elite Throwing Axeman
41:16 Plate Barding Armor
40:52 Cavalier
mmartel76
3:09 Loom
12:12 Feudal Age
12:38 Double-Bit Axe
13:41 Wheelbarrow
14:34 Horse Collar
22:11 Castle Age
20:10 Gold Mining
20:13 Stone Mining
20:45 Town Watch
22:36 Padded Archer Armor
23:03 Squires
25:21 Fervor
25:32 Sanctity
26:47 Stone Shaft Mining
26:29 Leather Archer Armor
27:57 Ballistics
27:57 Bow Saw
27:16 Crossbowman
28:24 Heavy Plow
29:48 Hand Cart
30:15 Redemption
30:59 Forging
30:49 Scale Mail Armor
31:47 Masonry
32:35 Pikeman
38:28 Imperial Age
38:06 Iron Casting
38:08 Fletching
38:19 Scale Mail Armor
38:25 Scale Barding Armor
39:12 Fortified Wall
40:16 Conscription
40:19 Ironclad
40:13 Town Patrol
40:12 Bodkin Arrow
40:47 Ring Archer Armor
45:55 Capped Ram
Connection lost

Rejoining the realm…

Still unreachable

The connection could not be restored.

Session expired

The server has moved on; the page needs a fresh start.